[Event "VIII Iberoamericano Mexico 2022"]
[Site "Mexico City"]
[Date "2022.02.13"]
[Round "2.21"]
[White "Perez Gormaz, Matias"]
[Black "Martinez Morales, Geovanni"]
[Result "1-0"]
[ECO "C18"]
[WhiteElo "2404"]
[BlackElo "2098"]
[Annotator "RC"]
[PlyCount "59"]
[EventDate "2022.02.12"]
[EventType "swiss"]
[EventCountry "MEX"]
[SourceTitle "playchess.com"]
[Source "ChessBase"]
[SourceQuality "1"]
[TimeControl "5400+30"]

1. e4 e6 2. d4 d5 3. Nc3 Bb4 4. e5 c5 5. a3 Bxc3+ 6. bxc3 Ne7 7. Qg4 Qc7 8. Bd3 cxd4 9. Ne2 dxc3 10. Qxg7 Rg8 11. Qxh7 Nbc6 12. Bf4 Bd7 13. O-O O-O-O 14. Qxf7 Rdf8 15. Qh5 Rh8 16. Qg4 Rhg8 17. Qh3 d4 18. Bg3 Nf5 19. Bxf5 Rxf5 20. Rfd1 Qb6 21. Rab1 Qc5 22. Qh4 Rxe5 23. Bxe5 Nxe5 24. Nxd4 Bc6 25. Qh3 Rxg2+ 26. Qxg2 Bxg2 27. Nxe6 Nf3+ 28. Kxg2 Nh4+ 29. Kg1 Nf3+ 30. Kh1 1-0

[Event "VIII Iberoamericano Mexico 2022"]
[Site "Mexico City"]
[Date "2022.02.13"]
[Round "2.26"]
[White "Zarate Manjarrez, Alfredo"]
[Black "Gemy, Jose Daniel"]
[Result "0-1"]
[ECO "A15"]
[WhiteElo "2026"]
[BlackElo "2381"]
[Annotator "RC"]
[PlyCount "64"]
[EventDate "2022.02.12"]
[EventType "swiss"]
[EventCountry "MEX"]
[SourceTitle "playchess.com"]
[Source "ChessBase"]
[SourceQuality "1"]
[TimeControl "5400+30"]

1. Nf3 Nf6 2. b3 g6 3. Bb2 Bg7 4. c4 O-O 5. g3 d6 6. Bg2 e5 7. d3 Nc6 8. O-O a5 9. a3 Bd7 10. Nbd2 Nh5 11. Ra2 f5 12. e3 Qe7 13. d4 e4 14. Ne1 Nf6 15. Nc2 h5 16. Qa1 h4 17. b4 d5 18. b5 Nd8 19. a4 Qf7 20. c5 g5 21. Qd1 g4 22. Nb3 Ne6 23. c6 bxc6 24. bxc6 Bxc6 25. Bc3 Ng5 26. Nc5 Rfe8 27. Na3 Qg6 28. Nb5 Re7 29. Qb3 Nf3+ 30. Bxf3 gxf3 31. Kh1 Qg4 32. Bxa5 Qh3 0-1

[Event "VIII Iberoamericano Mexico 2022"]
[Site "Mexico City"]
[Date "2022.02.13"]
[Round "2.27"]
[White "Lopez Gonzalez, Abel Fabian"]
[Black "Rosales Campos, Paul Ivan"]
[Result "0-1"]
[ECO "D35"]
[WhiteElo "2379"]
[BlackElo "2039"]
[Annotator "ChessBase"]
[PlyCount "24"]
[EventDate "2022.02.12"]
[EventType "swiss"]
[EventCountry "MEX"]
[SourceTitle "playchess.com"]
[Source "ChessBase"]
[SourceQuality "1"]
[TimeControl "5400+30"]

1. d4 d5 2. c4 e6 3. Nc3 Nf6 4. cxd5 exd5 5. Bg5 c6 6. e3 Bd6 7. Bd3 O-O 8. Qc2 h6 9. Bh4 Re8 10. Nf3 Be6 11. Ne5 c5 12. Bb5 cxd4 0-1

[Event "VIII Iberoamericano Mexico 2022"]
[Site "Mexico City"]
[Date "2022.02.13"]
[Round "2.28"]
[White "Ocampo, Cristina"]
[Black "Galaviz Medina, Sion Radamantys"]
[Result "0-1"]
[ECO "B53"]
[WhiteElo "2024"]
[BlackElo "2374"]
[Annotator "ChessBase"]
[PlyCount "36"]
[EventDate "2022.02.12"]
[EventType "swiss"]
[EventCountry "MEX"]
[SourceTitle "playchess.com"]
[Source "ChessBase"]
[SourceQuality "1"]
[TimeControl "5400+30"]

1. e4 c5 2. Nf3 d6 3. d4 cxd4 4. Qxd4 Nc6 5. Qe3 Nf6 6. h3 e6 7. c4 Nb4 8. Qb3 d5 9. cxd5 Nxe4 10. dxe6 Bxe6 11. Bb5+ Nc6 12. Qa4 Bd5 13. O-O Bc5 14. Nd4 O-O 15. Be3 Nxd4 16. Bxd4 a6 17. Bxc5 Nxc5 18. Qd4 Ne6 0-1

[Event "VIII Iberoamericano Mexico 2022"]
[Site "Mexico City"]
[Date "2022.02.13"]
[Round "2.29"]
[White "Veiga, Jose Francisco R P N"]
[Black "Fernandez Rivero, Karla July"]
[Result "1-0"]
[ECO "C84"]
[WhiteElo "2366"]
[BlackElo "2025"]
[Annotator "ChessBase"]
[PlyCount "65"]
[EventDate "2022.02.12"]
[EventType "swiss"]
[EventCountry "MEX"]
[SourceTitle "playchess.com"]
[Source "ChessBase"]
[SourceQuality "1"]
[TimeControl "5400+30"]

1. e4 e5 2. Nf3 Nc6 3. Bb5 a6 4. Ba4 Nf6 5. O-O Be7 6. d3 b5 7. Bb3 d6 8. a3 Na5 9. Ba2 c5 10. Nc3 Be6 11. Bg5 O-O 12. Bxf6 Bxf6 13. Nd5 Nc6 14. c3 g6 15. Qd2 Bg7 16. Ng5 Rb8 17. f4 Qd7 18. Qe2 Bg4 19. Qe3 h6 20. Nf3 Kh7 21. h3 Bxf3 22. Rxf3 exf4 23. Rxf4 Ne5 24. Raf1 c4 25. d4 Nd3 26. Nf6+ Bxf6 27. Rxf6 Qe7 28. b3 d5 29. e5 Kg7 30. b4 a5 31. Bb1 Nb2 32. e6 Rbe8 33. Qe5 1-0

[Event "VIII Iberoamericano Mexico 2022"]
[Site "Mexico City"]
[Date "2022.02.13"]
[Round "2.30"]
[White "Jorajuria Mendoza, Zuben Algenubi"]
[Black "Santos, Jose Guilherme B Lim"]
[Result "0-1"]
[ECO "B86"]
[WhiteElo "1582"]
[BlackElo "2363"]
[Annotator "ChessBase"]
[PlyCount "128"]
[EventDate "2022.02.12"]
[EventType "swiss"]
[EventCountry "MEX"]
[SourceTitle "playchess.com"]
[Source "ChessBase"]
[SourceQuality "1"]
[TimeControl "5400+30"]

1. e4 c5 2. Nf3 d6 3. d4 cxd4 4. Nxd4 Nf6 5. Nc3 a6 6. Bc4 e6 7. Bb3 Nbd7 8. O-O Nc5 9. Bg5 Be7 10. Qe2 Nfxe4 11. Nxe4 Bxg5 12. Nxc5 dxc5 13. Nf5 O-O 14. Ng3 Qc7 15. c3 Bd7 16. Qg4 Qf4 17. Qh5 g6 18. Qe2 Bb5 19. c4 Bc6 20. Rad1 Rad8 21. Bc2 Rxd1 22. Rxd1 Rd8 23. Bd3 h5 24. Nf1 h4 25. Re1 Rd4 26. Ne3 Bf6 27. Nc2 Rd8 28. Ne3 h3 29. gxh3 Bf3 30. Qc2 Kg7 31. Bf1 Be5 32. Ng4 Bxg4 33. Rxe5 Qxe5 34. hxg4 Rd4 35. h3 Qf4 36. Qc3 Kg8 37. b4 Rd2 38. Qe3 Qxe3 39. fxe3 cxb4 40. c5 Rxa2 41. Bg2 b3 42. Bxb7 b2 43. Be4 Ra1+ 44. Kg2 b1=Q 45. Bxb1 Rxb1 46. e4 Rc1 47. e5 Rxc5 48. h4 a5 49. h5 a4 50. hxg6 a3 51. gxf7+ Kxf7 52. g5 a2 53. g6+ Kxg6 54. Kf3 a1=Q 55. Ke4 Rc4+ 56. Kd3 Qd4+ 57. Ke2 Qxe5+ 58. Kd2 Qc3+ 59. Ke2 Re4+ 60. Kf2 Qe3+ 61. Kf1 Rf4+ 62. Kg2 Qf3+ 63. Kg1 Qg3+ 64. Kh1 Rh4# 0-1

[Event "VIII Iberoamericano Mexico 2022"]
[Site "Mexico City"]
[Date "2022.02.13"]
[Round "2.31"]
[White "Garcia Guerrero, Isaac Antonio"]
[Black "Lopez De Nava Hernandez, Carlos"]
[Result "1-0"]
[ECO "D12"]
[WhiteElo "2338"]
[BlackElo "2023"]
[Annotator "ChessBase"]
[PlyCount "101"]
[EventDate "2022.02.12"]
[EventType "swiss"]
[EventCountry "MEX"]
[SourceTitle "playchess.com"]
[Source "ChessBase"]
[SourceQuality "1"]
[TimeControl "5400+30"]

1. c4 c6 2. Nf3 Nf6 3. Nc3 d5 4. e3 Bf5 5. cxd5 Nxd5 6. d4 e6 7. Bd3 Bg6 8. e4 Nf6 9. O-O Be7 10. h3 O-O 11. Qe2 Nbd7 12. Rd1 Re8 13. Be3 Bb4 14. Bg5 e5 15. dxe5 Nxe5 16. Nxe5 Rxe5 17. Bf4 Re8 18. f3 Qe7 19. Rac1 Rad8 20. Be3 Bc5 21. Bxc5 Qxc5+ 22. Qf2 Qxf2+ 23. Kxf2 Kf8 24. b4 Rd4 25. a3 Red8 26. Ke3 Ne8 27. Ne2 R4d6 28. Nf4 Nc7 29. Be2 Rxd1 30. Bxd1 Ke7 31. Bb3 Nb5 32. a4 Nd6 33. g4 f6 34. Ne6 Rg8 35. Nd4 Rc8 36. h4 Bf7 37. g5 Bxb3 38. Nxb3 Rd8 39. Nd4 Rd7 40. f4 Kf7 41. gxf6 gxf6 42. e5 fxe5 43. fxe5 Re7 44. Kf4 Ne8 45. Rf1 Nc7 46. e6+ Ke8 47. Ke5 Nd5 48. Nf5 Rc7 49. Nd6+ Ke7 50. Rf7+ Kd8 51. Rf8+ 1-0

[Event "VIII Iberoamericano Mexico 2022"]
[Site "Mexico City"]
[Date "2022.02.13"]
[Round "2.33"]
[White "Noboa Silva, Kevin"]
[Black "Diaz Osorio, Ana Carolina"]
[Result "1-0"]
[ECO "D36"]
[WhiteElo "2331"]
[BlackElo "1627"]
[Annotator "ChessBase"]
[PlyCount "51"]
[EventDate "2022.02.12"]
[EventType "swiss"]
[EventCountry "MEX"]
[SourceTitle "playchess.com"]
[Source "ChessBase"]
[SourceQuality "1"]
[TimeControl "5400+30"]

1. d4 d5 2. c4 e6 3. Nc3 Nf6 4. cxd5 exd5 5. Bg5 c6 6. e3 Nbd7 7. Bd3 Be7 8. Nge2 O-O 9. Qc2 Re8 10. O-O Nf8 11. Rad1 g6 12. f3 Ne6 13. Bh4 Ng7 14. Bf2 Bf5 15. e4 dxe4 16. fxe4 Bg4 17. h3 Bd7 18. a3 Ne6 19. Bc4 Ng5 20. Be3 h6 21. Bxg5 hxg5 22. e5 Nd5 23. Nxd5 cxd5 24. Bxd5 Rf8 25. Qxg6+ Kh8 26. Bxf7 1-0

[Event "VIII Iberoamericano Mexico 2022"]
[Site "Mexico City"]
[Date "2022.02.13"]
[Round "2.37"]
[White "Sanchez Garcia, Oscar Ernesto"]
[Black "Medina Diaz, Rafael Alejandro"]
[Result "0-1"]
[ECO "D02"]
[WhiteElo "1765"]
[BlackElo "2287"]
[Annotator "ChessBase"]
[PlyCount "76"]
[EventDate "2022.02.12"]
[EventType "swiss"]
[EventCountry "MEX"]
[SourceTitle "playchess.com"]
[Source "ChessBase"]
[SourceQuality "1"]
[TimeControl "5400+30"]

1. Nf3 d5 2. d4 Nf6 3. Bf4 g6 4. Nbd2 Bg7 5. e3 c5 6. Bd3 Qb6 7. Rb1 Nc6 8. c3 O-O 9. O-O Nh5 10. Bg5 e5 11. dxe5 Nxe5 12. Nxe5 Bxe5 13. e4 Bf4 14. Bh4 Be6 15. exd5 Bxd5 16. c4 Bc6 17. Ne4 Rfe8 18. Re1 Be5 19. Qc2 Nf4 20. Bf1 f5 21. Ng3 Bg7 22. Be7 Bd4 23. b4 Qc7 24. Bxc5 Bxc5 25. bxc5 Qa5 26. Rxe8+ Rxe8 27. Rd1 Qxc5 28. Qd2 Qe5 29. h4 h5 30. Qd6 Qxd6 31. Rxd6 Re5 32. Rd2 Kf7 33. Ne2 Nxe2+ 34. Bxe2 Ke6 35. f4 Re4 36. g3 Re3 37. Kf2 Rc3 38. Bf1 Rf3+ 0-1

[Event "VIII Iberoamericano Mexico 2022"]
[Site "Mexico City"]
[Date "2022.02.13"]
[Round "2.38"]
[White "Munoz Ricardo, Wasdin Antonio"]
[Black "Davalos Prieto, Abel Justo"]
[Result "1-0"]
[ECO "B58"]
[WhiteElo "1745"]
[BlackElo "2103"]
[Annotator "ChessBase"]
[PlyCount "80"]
[EventDate "2022.02.12"]
[EventType "swiss"]
[EventCountry "MEX"]
[SourceTitle "playchess.com"]
[Source "ChessBase"]
[SourceQuality "1"]
[TimeControl "5400+30"]

1. e4 c5 2. Nf3 Nc6 3. d4 cxd4 4. Nxd4 Nf6 5. Nc3 d6 6. Nxc6 bxc6 7. Be2 e5 8. O-O Be7 9. f4 Qb6+ 10. Kh1 O-O 11. fxe5 dxe5 12. Qe1 Be6 13. Qg3 Qc7 14. Bg5 Kh8 15. Qh4 Ng8 16. Rf3 Bxg5 17. Qxg5 f6 18. Qh4 Rad8 19. Raf1 Rd4 20. g4 h6 21. Bd3 Qd7 22. g5 fxg5 23. Qg3 Rf4 24. Ne2 Rd6 25. Nxf4 gxf4 26. Qe1 Nf6 27. Qb4 Qc7 28. Re1 Bg4 29. Rff1 Bh3 30. Rf3 Bg4 31. Rff1 c5 32. Qc3 Rd4 33. b4 Rxb4 34. Rb1 Rxb1 35. Rxb1 Bf3+ 36. Kg1 Qc8 37. Rb5 Qg4+ 38. Kf1 Qg2+ 39. Ke1 Qg1+ 40. Bf1 Bxe4 1-0

[Event "VIII Iberoamericano Mexico 2022"]
[Site "Mexico City"]
[Date "2022.02.13"]
[Round "2.39"]
[White "Lopez Garcia, Miguel Angel"]
[Black "Arvizu Borchardt, David Ivan"]
[Result "1-0"]
[ECO "B30"]
[WhiteElo "1710"]
[BlackElo "1987"]
[Annotator "ChessBase"]
[PlyCount "115"]
[EventDate "2022.02.12"]
[EventType "swiss"]
[EventCountry "MEX"]
[SourceTitle "playchess.com"]
[Source "ChessBase"]
[SourceQuality "1"]
[TimeControl "5400+30"]

1. e4 c5 2. Nf3 Nc6 3. Nc3 g6 4. Bc4 Bg7 5. O-O d6 6. Re1 e6 7. d3 Nge7 8. Bb3 O-O 9. Bf4 Na5 10. Qd2 Nxb3 11. axb3 e5 12. Bh6 f5 13. Bg5 Be6 14. exf5 Rxf5 15. Ne4 Qd7 16. Ra4 Nc6 17. Nh4 Rf7 18. Bh6 Raf8 19. Qg5 b6 20. Bxg7 Kxg7 21. Ng3 Ne7 22. f3 h6 23. Qe3 b5 24. Ra6 Rf4 25. Ne4 Rxh4 26. Rxd6 Rxe4 27. Rxd7 Rxe3 28. Rxe7+ Kf6 29. Rxe6+ Kxe6 30. Rxe3 Kd5 31. Kf2 Rf6 32. Ke2 Ra6 33. c4+ Kd6 34. Kd2 Ra2 35. Kc2 Ra1 36. cxb5 Ra5 37. Re4 Rxb5 38. Ra4 a5 39. Rg4 g5 40. h4 Rb4 41. Rxb4 axb4 42. hxg5 hxg5 43. Kd2 Ke6 44. Ke3 Kf5 45. g3 Kf6 46. Ke4 Ke6 47. g4 Kd6 48. Kf5 Kd5 49. Kxg5 Kd4 50. Kf5 Kxd3 51. g5 Kc2 52. g6 Kxb3 53. g7 Kxb2 54. g8=Q Kc3 55. Qd5 c4 56. Kxe5 b3 57. Qd4+ Kb4 58. Kd5 1-0

[Event "VIII Iberoamericano Mexico 2022"]
[Site "Mexico City"]
[Date "2022.02.13"]
[Round "2.40"]
[White "Macias Zamora, Jose Armando"]
[Black "Paredes Guzman, Francisco Javier"]
[Result "0-1"]
[ECO "B90"]
[WhiteElo "1488"]
[BlackElo "1891"]
[Annotator "NA"]
[PlyCount "66"]
[EventDate "2022.02.12"]
[EventType "swiss"]
[EventCountry "MEX"]
[SourceTitle "playchess.com"]
[Source "ChessBase"]
[SourceQuality "1"]
[TimeControl "5400+30"]

1. e4 c5 2. Nf3 d6 3. d4 cxd4 4. Nxd4 Nf6 5. Nc3 a6 6. Rg1 e5 7. Nb3 Be6 8. g4 d5 9. exd5 Nxd5 10. Nxd5 Qxd5 11. Qxd5 Bxd5 12. Be3 Nc6 13. O-O-O Nb4 14. Kb1 Be4 15. Bd3 Nxd3 16. cxd3 Bf3 17. Rc1 Bd6 18. h3 O-O 19. d4 Rfd8 20. Nd2 Bd5 21. Nc4 exd4 22. Bxd4 Bh2 23. Rgd1 Bxc4 24. Rxc4 Be5 25. a4 b5 26. axb5 axb5 27. Rb4 Ra4 28. Rxa4 bxa4 29. Bxe5 Rxd1+ 30. Ka2 f6 31. Bg3 Rd3 32. Kb1 Kf7 33. Kc2 Rb3 0-1

[Event "VIII Iberoamericano Mexico 2022"]
[Site "Mexico City"]
[Date "2022.02.13"]
[Round "2.42"]
[White "Hernandez Jimenez, Alexander Andres"]
[Black "Rolandi Rodriguez, Dario"]
[Result "1/2-1/2"]
[ECO "C54"]
[WhiteElo "2167"]
[BlackElo "1356"]
[Annotator "ChessBase"]
[PlyCount "67"]
[EventDate "2022.02.12"]
[EventType "swiss"]
[EventCountry "MEX"]
[SourceTitle "playchess.com"]
[Source "ChessBase"]
[SourceQuality "1"]
[TimeControl "5400+30"]

1. e4 e5 2. Nf3 Nc6 3. Bc4 Bc5 4. c3 Nf6 5. d3 d6 6. O-O a6 7. d4 Ba7 8. dxe5 Nxe5 9. Nxe5 dxe5 10. Qxd8+ Kxd8 11. Nd2 Ke7 12. b3 b5 13. Be2 Bb7 14. a4 Bc6 15. Nf3 Nd7 16. Ba3+ Kf6 17. axb5 axb5 18. c4 bxc4 19. Bxc4 Bxe4 20. Rad1 Rhd8 21. Bb2 Bxf3 22. gxf3 Bc5 23. f4 Bd4 24. Bxd4 exd4 25. Rxd4 Nb6 26. Rfd1 Rxd4 27. Rxd4 Nxc4 28. Rxc4 Ra7 29. Kg2 Rb7 30. b4 Ke6 31. Rc6+ Kd7 32. Rc4 Kd6 33. Kf3 c6 34. Ke4 1/2-1/2

[Event "VIII Iberoamericano Mexico 2022"]
[Site "Mexico City"]
[Date "2022.02.13"]
[Round "2.45"]
[White "Hernandez Diaz, Paula Sofia"]
[Black "Solorzano, Andres"]
[Result "1-0"]
[ECO "B07"]
[WhiteElo "1762"]
[BlackElo "2049"]
[Annotator "ChessBase"]
[PlyCount "80"]
[EventDate "2022.02.12"]
[EventType "swiss"]
[EventCountry "MEX"]
[SourceTitle "playchess.com"]
[Source "ChessBase"]
[SourceQuality "1"]
[TimeControl "5400+30"]

1. e4 d6 2. d4 Nf6 3. Nc3 g6 4. Be3 Bg7 5. Qd2 Nbd7 6. Nf3 Ng4 7. Bg5 h6 8. Bh4 O-O 9. h3 Ngf6 10. O-O-O c5 11. dxc5 Nxc5 12. e5 Ne8 13. Bc4 g5 14. Bg3 Be6 15. Bxe6 Nxe6 16. exd6 Nxd6 17. Be5 Qa5 18. Bxg7 Kxg7 19. Nd4 Nf4 20. Nb3 Qf5 21. f3 b5 22. Qd4+ Kg8 23. h4 Rfc8 24. Kb1 Rc4 25. Qf2 b4 26. g4 Qg6 27. Nd5 Nxd5 28. Rxd5 Rac8 29. Rd2 f6 30. Qe2 R8c7 31. hxg5 fxg5 32. Qh2 Kg7 33. Qe5+ Kg8 34. Rhh2 Rf4 35. Qd5+ Kg7 36. Nd4 Rf6 37. Rde2 Rc4 38. Rxe7+ Kf8 39. Ree2 Qf7 40. Ne6+ Rxe6 1-0

[Event "VIII Iberoamericano Mexico 2022"]
[Site "Mexico City"]
[Date "2022.02.14"]
[Round "3.46"]
[White "Avila Bautista, Roberto Alejandro"]
[Black "Hernandez Diaz, Paula Sofia"]
[Result "1-0"]
[ECO "A05"]
[WhiteElo "2090"]
[BlackElo "1762"]
[Annotator "NA"]
[PlyCount "74"]
[EventDate "2022.02.12"]
[EventType "swiss"]
[EventCountry "MEX"]
[SourceTitle "playchess.com"]
[Source "ChessBase"]
[SourceQuality "1"]
[TimeControl "5400+30"]

1. Nf3 c5 2. b3 Nc6 3. Bb2 d5 4. g3 Nf6 5. Bg2 g6 6. O-O Bg7 7. d4 cxd4 8. Nxd4 O-O 9. Nd2 Re8 10. N2f3 Bd7 11. Rc1 Rc8 12. Nxc6 bxc6 13. c4 Be6 14. Ng5 Bf5 15. Nf3 Be4 16. Qd2 Qb6 17. cxd5 cxd5 18. Bd4 Qa6 19. Qb2 Nh5 20. Bxg7 Nxg7 21. Ne5 Bxg2 22. Kxg2 Rxc1 23. Rxc1 Rc8 24. Rxc8+ Qxc8 25. Qd4 Qb7 26. Ng4 Nf5 27. Qa4 f6 28. Qf4 Kg7 29. Kg1 Qa6 30. Qd2 Qc6 31. Ne3 Nxe3 32. Qxe3 Qb7 33. Qc5 Kf7 34. b4 Ke6 35. a4 Qb6 36. Qc8+ Kd6 37. Qc3 Qc6 1-0

[Event "VIII Iberoamericano Mexico 2022"]
[Site "Mexico City"]
[Date "2022.02.14"]
[Round "3.48"]
[White "Jimenez Cunjama, Francisco Daniel"]
[Black "Ortiz Verdezoto, Anahi"]
[Result "0-1"]
[ECO "A47"]
[WhiteElo "1674"]
[BlackElo "2047"]
[Annotator "NA"]
[PlyCount "66"]
[EventDate "2022.02.12"]
[EventType "swiss"]
[EventCountry "MEX"]
[SourceTitle "playchess.com"]
[Source "ChessBase"]
[SourceQuality "1"]
[TimeControl "5400+30"]

1. d4 Nf6 2. Nf3 e6 3. Bf4 b6 4. e3 Bb7 5. Be2 Be7 6. O-O d6 7. c4 c5 8. Nc3 cxd4 9. exd4 O-O 10. Qc2 a6 11. Rad1 Nbd7 12. b3 Rc8 13. Qd2 d5 14. Qb2 Bb4 15. Nb1 Qe7 16. a3 Bd6 17. Ne5 Rfd8 18. Rfe1 Nf8 19. Bg5 h6 20. Bh4 a5 21. cxd5 Bxd5 22. Bc4 g5 23. Bg3 b5 24. Bxb5 Qb7 25. Qe2 Bxb3 26. Rd2 Qd5 27. h4 N8h7 28. f4 g4 29. Nxg4 Nxg4 30. Qxg4+ Kh8 31. Qe2 Rg8 32. Kh2 Nf6 33. Bd3 Nh5 0-1

[Event "VIII Iberoamericano Mexico 2022"]
[Site "Mexico City"]
[Date "2022.02.14"]
[Round "3.49"]
[White "Diaz Osorio, Ana Carolina"]
[Black "Zarate Manjarrez, Alfredo"]
[Result "0-1"]
[ECO "A43"]
[WhiteElo "1627"]
[BlackElo "2026"]
[Annotator "NA"]
[PlyCount "70"]
[EventDate "2022.02.12"]
[EventType "swiss"]
[EventCountry "MEX"]
[SourceTitle "playchess.com"]
[Source "ChessBase"]
[SourceQuality "1"]
[TimeControl "5400+30"]

1. d4 c5 2. d5 d6 3. e4 g6 4. Bb5+ Nd7 5. Nc3 Bg7 6. Bd2 a6 7. Be2 b5 8. f4 Nb6 9. a3 e6 10. Nf3 exd5 11. exd5 Nf6 12. O-O O-O 13. Rb1 Re8 14. Ng5 b4 15. axb4 cxb4 16. Na2 a5 17. c3 Bf5 18. Rc1 Nbxd5 19. cxb4 Qb6+ 20. Kh1 axb4 21. Bc4 h6 22. Qb3 hxg5 23. fxg5 Ne4 24. Bxd5 Nxd2 25. Bxf7+ Kf8 26. Qd5 Nxf1 27. Rxf1 Ra5 28. Qb3 Re3 29. Qc4 Rc5 30. Qf4 Re4 31. Qf3 Ke7 32. Qb3 Qb5 33. Rd1 Qe2 34. Rg1 Qxb2 35. Qa4 Kxf7 0-1

[Event "VIII Iberoamericano Mexico 2022"]
[Site "Mexico City"]
[Date "2022.02.14"]
[Round "3.50"]
[White "Fernandez Rivero, Karla July"]
[Black "Zacarias Martinez, Daniel"]
[Result "1-0"]
[ECO "E05"]
[WhiteElo "2025"]
[BlackElo "1673"]
[Annotator "ChessBase"]
[PlyCount "131"]
[EventDate "2022.02.12"]
[EventType "swiss"]
[EventCountry "MEX"]
[SourceTitle "playchess.com"]
[Source "ChessBase"]
[SourceQuality "1"]
[TimeControl "5400+30"]

1. d4 d5 2. Nf3 Nf6 3. c4 e6 4. g3 Be7 5. Bg2 O-O 6. O-O dxc4 7. Qc2 a6 8. Qxc4 b5 9. Qc2 Bb7 10. Bd2 Be4 11. Qc1 Nd5 12. Rd1 Nd7 13. Ba5 Qc8 14. Nbd2 Bg6 15. e4 N5b6 16. Qc6 Nb8 17. Qc2 N8d7 18. Rac1 Bd8 19. Qd3 Qb7 20. b4 Rc8 21. Qe3 Be7 22. Ne1 Bh5 23. f3 h6 24. Nd3 Bg5 25. f4 Be7 26. Rf1 c6 27. h4 Nf6 28. Nc5 Bxc5 29. dxc5 Ng4 30. Qe2 Nf6 31. Qd3 Nbd7 32. Nf3 Rfe8 33. Rcd1 Qb8 34. Rd2 Bg6 35. Nh2 Nf8 36. Qe3 Bh5 37. Re1 Re7 38. Bf3 Bxf3 39. Qxf3 Rd7 40. Red1 Rxd2 41. Rxd2 Re8 42. Rd6 Qb7 43. Ng4 Nxg4 44. Qxg4 Re7 45. e5 Rd7 46. Qf3 Rxd6 47. cxd6 Nd7 48. Kg2 Qc8 49. Qe3 c5 50. bxc5 Qxc5 51. Qxc5 Nxc5 52. Bb6 Nd7 53. Ba7 Kf8 54. Kf3 Ke8 55. Ke4 Kd8 56. g4 g6 57. h5 Kc8 58. hxg6 fxg6 59. f5 gxf5+ 60. gxf5 exf5+ 61. Kxf5 Nxe5 62. Kxe5 Kd7 63. Be3 h5 64. Kd5 a5 65. Bf4 b4 66. Kc5 1-0

[Event "VIII Iberoamericano Mexico 2022"]
[Site "Mexico City"]
[Date "2022.02.15"]
[Round "4.25"]
[White "Ortiz Verdezoto, Anahi"]
[Black "Perez Rodriguez, Luis Manuel"]
[Result "0-1"]
[ECO "D10"]
[WhiteElo "2047"]
[BlackElo "2324"]
[Annotator "RC"]
[PlyCount "73"]
[EventDate "2022.02.12"]
[EventType "swiss"]
[EventCountry "MEX"]
[SourceTitle "playchess.com"]
[Source "ChessBase"]
[SourceQuality "1"]
[TimeControl "5400+30"]

1. d4 d5 2. c4 c6 3. cxd5 cxd5 4. Bf4 Nf6 5. e3 Nc6 6. Nc3 a6 7. Bd3 Bg4 8. Nge2 e6 9. O-O Bd6 10. Bxd6 Qxd6 11. Rc1 O-O 12. Qd2 Bxe2 13. Bxe2 Rac8 14. Rfd1 Rc7 15. Na4 Ne4 16. Qe1 Rfc8 17. f3 Nf6 18. a3 e5 19. dxe5 Qxe5 20. Rd3 Re8 21. b4 Rce7 22. Qd2 Qf5 23. Nc5 Ne5 24. Rd4 h5 25. e4 dxe4 26. Nxe4 Nc6 27. Ng3 Qe5 28. Rdc4 Rd7 29. Qc3 Nd4 30. Bf1 h4 31. Nh1 h3 32. Ng3 hxg2 33. Kxg2 Nd5 34. Rxd4 Nxc3 35. Rxd7 Nd5 36. Ne4 Qb2+ 37. Kg1 0-1

[Event "VIII Iberoamericano Mexico 2022"]
[Site "Mexico City"]
[Date "2022.02.15"]
[Round "4.45"]
[White "Lopez Garcia, Miguel Angel"]
[Black "Martinez Morales, Geovanni"]
[Result "1/2-1/2"]
[ECO "C18"]
[WhiteElo "1710"]
[BlackElo "2098"]
[Annotator "NA"]
[PlyCount "39"]
[EventDate "2022.02.12"]
[EventType "swiss"]
[EventCountry "MEX"]
[SourceTitle "playchess.com"]
[Source "ChessBase"]
[SourceQuality "1"]
[TimeControl "5400+30"]

1. e4 e6 2. d4 d5 3. Nc3 Bb4 4. e5 c5 5. a3 Bxc3+ 6. bxc3 Ne7 7. Qg4 Qc7 8. Qxg7 Rg8 9. Qxh7 Nbc6 10. Ne2 cxd4 11. f4 dxc3 12. Qd3 Bd7 13. Qxc3 Nf5 14. h3 d4 15. Qd3 O-O-O 16. g4 Nh4 17. Qg3 Qa5+ 18. Kf2 $14 Rh8 19. Bb2 Qd5 20. Rh2 1/2-1/2

[Event "VIII Iberoamericano Mexico 2022"]
[Site "Mexico City"]
[Date "2022.02.15"]
[Round "4.46"]
[White "Ruiz Perez, Juan Octavio"]
[Black "Cordero Jimenez, Alexander"]
[Result "1-0"]
[ECO "C41"]
[WhiteElo "2074"]
[BlackElo "1597"]
[Annotator "ChessBase"]
[PlyCount "91"]
[EventDate "2022.02.12"]
[EventType "swiss"]
[EventCountry "MEX"]
[SourceTitle "playchess.com"]
[Source "ChessBase"]
[SourceQuality "1"]
[TimeControl "5400+30"]

1. e4 d6 2. d4 Nf6 3. Nc3 e5 4. Nf3 Nbd7 5. Bc4 Be7 6. O-O O-O 7. Re1 c6 8. a4 Qc7 9. h3 a5 10. Ba2 h6 11. Be3 Re8 12. Nh4 Nf8 13. Qf3 Bd8 14. d5 Nxd5 15. exd5 Bxh4 16. dxc6 bxc6 17. Nb5 cxb5 18. Qxa8 bxa4 19. Qe4 Be7 20. Qxa4 Bd7 21. Qc4 Qxc4 22. Bxc4 a4 23. b3 Rc8 24. Bd5 axb3 25. cxb3 Be6 26. Bxe6 fxe6 27. b4 d5 28. Reb1 d4 29. Bd2 Rc2 30. Be1 e4 31. Rc1 Re2 32. b5 Bg5 33. Rcb1 d3 34. b6 Kh7 35. Bb4 Nd7 36. Bd6 Bf6 37. Ra6 Bd4 38. b7 d2 39. Bb4 Bc5 40. Ba5 Rxf2 41. Rc6 Rf8+ 42. Rxc5 Nxc5 43. Bxd2 Nd7 44. Be3 Kg6 45. Ba7 Kf5 46. Rf1+ 1-0

[Event "VIII Iberoamericano Mexico 2022"]
[Site "Mexico City"]
[Date "2022.02.15"]
[Round "4.48"]
[White "Macias Zamora, Jose Armando"]
[Black "Gutierrez Herrera, Jose Antonio"]
[Result "1-0"]
[ECO "B03"]
[WhiteElo "1488"]
[BlackElo "2059"]
[Annotator "ChessBase"]
[PlyCount "47"]
[EventDate "2022.02.12"]
[EventType "swiss"]
[EventCountry "MEX"]
[SourceTitle "playchess.com"]
[Source "ChessBase"]
[SourceQuality "1"]
[TimeControl "5400+30"]

1. e4 Nf6 2. e5 Nd5 3. c4 Nb6 4. d4 d6 5. exd6 exd6 6. Nc3 Be7 7. Nf3 Bf5 8. Bd3 Bxd3 9. Qxd3 N8d7 10. O-O O-O 11. Bd2 Re8 12. Rfe1 Nf8 13. b4 c6 14. d5 Qd7 15. Rac1 Ng6 16. Ne4 cxd5 17. cxd5 Rac8 18. Be3 Rxc1 19. Rxc1 Bd8 20. Nc3 a6 21. Ne2 Qa4 22. a3 Qd7 23. Ng3 Ne5 24. Qd1 1-0